 Dungeon Crawl Stone Soup version 0.25-a0-566-g062765b (webtiles) character file.

Game seed: 15199899455761469698, levelgen mode: deterministic

5 15 the Caller (level 1, -3/13 HPs)
             Began as a Barachi Summoner on Feb 28, 2020.
             Killed from afar by a dart slug (6 damage)
             ... with a slug dart
             ... on level 1 of the Dungeon.
             The game lasted 00:00:25 (160 turns).

15 the Caller (Barachi Summoner)                     Turns: 160, Time: 00:00:26

Health: -3/13      AC:  2    Str:  9    XL:     1   Next: 80%
Magic:  1/3        EV: 12    Int: 15    God:
Gold:   0          SH:  0    Dex: 12    Spells: 3/4 levels left

rFire    . . .     SeeInvis .   (no weapon)
rCold    . . .     Gourm    .   (no shield)
rNeg     . . .     Faith    .   a - +0 robe
rPois    .         Spirit   .   (no helmet)
rElec    .         Reflect  .   (no cloak)
rCorr    .         Harm     .   (no gloves)
MR       .....                  (no boots)
Stlth    ++........             (no amulet)
HPRegen  0.04/turn              (no ring)
MPRegen  0.08/turn              (no ring)

@: slow
A: +LOS, swims, slowness 1, strong legs 1
a: Hop


You were on level 1 of the Dungeon.
You were not hungry.

You visited 1 branch of the dungeon, and saw 1 of its levels.

Inventory:

Armour
 a - a +0 robe (worn)
Scrolls
 b - a scroll of remove curse {unknown}
Comestibles
 c - a ration
 d - 2 chunks of flesh


   Skills:
 + Level 2.2 Dodging
 + Level 1.7 Stealth
 + Level 2.2 Spellcasting
 + Level 5.2 Summonings


You had 3 spell levels left.
You knew the following spells:

 Your Spells              Type           Power        Failure   Level  Hunger
a - Summon Small Mammal   Summ           ###.         2%          1    #......

Your spell library contained the following spells:

 Spells                   Type           Power        Failure   Level  Hunger
 Call Imp                 Summ           ###.....     3%          2    ###....
 Call Canine Familiar     Summ           ###.....     8%          3    ###....
 Summon Guardian Golem    Hex/Summ       #.......     22%         3    ###....
 Summon Ice Beast         Ice/Summ       #.......     58%         4    #####..
 Summon Lightning Spire   Summ/Air       #.......     58%         4    #####..


Dungeon Overview and Level Annotations

Branches:
Dungeon (1/15)

Altars:


Innate Abilities, Weirdness & Mutations

You can be seen from farther away. (+LOS)
You can swim through water.
You cover ground slowly.
You can hop short distances.


Message History

* * * LOW HITPOINT WARNING * * *
The dart slug launches a dart at your bat.
The slug dart hits your bat.
Your bat completely misses the dart slug.
You hit the dart slug but do no damage.
The dart slug is almost dead.
Your bat barely misses the dart slug.
Your rat bites the dart slug.
The dart slug dies!
Your bat hits the dart slug but does no damage.
The dart slug barely misses your bat.
Your rat disappears in a puff of smoke!
Your bat hits the dart slug.
Your bat disappears in a puff of smoke!
You are too injured to fight recklessly!
Casting: Summon Small Mammal (safe; 2% risk of failure)
Confirm with . or Enter, or press ? or * to list all spells.
Your quokka bites the dart slug.
The dart slug launches a dart at you. The slug dart hits you.
You die...

....... #### ###.......
..... #.......#
$!..#####.......#
###........rw....
...............#
#............#
#......ยง.....####
#.......@........ #....
#............#### .
.... #.......b....# .#
.... #.#..........# .
#..# #.#.#####..###
.#.#..# #.#.# .....
.#.#..###.#.####.......
.......................
...#..###.#..###.......


You could see a dart slug, a friendly quokka and a friendly bat.

Vanquished Creatures
  2 rats (D:1)
2 creatures vanquished.

Vanquished Creatures (collateral kills)
  A dart slug (D:1)
  A goblin (D:1)
  A frilled lizard (D:1)
  A rat (D:1)
4 creatures vanquished.

Grand Total: 6 creatures vanquished

Notes
Turn   | Place    | Note
-------+----------+-------------------------------------------
     0 | D:1      | 15 the Barachi Summoner began the quest for the Orb.
     0 | D:1      | Reached XP level 1. HP: 13/13 MP: 3/3
    48 | D:1      | Reached skill level 5 in Summonings
   160 | D:1      | Killed from afar by a dart slug

Levels and vault maps discovered:
D:1:      lemuel_arrival_room, layout_basic, hex_tiny,
          chequers_serial_rivers_small_b, st_stairs_3

Skill      XL: |  1 |
---------------+----+-----
Summonings     | 5 |  5.2
Dodging        | |  2.2
Stealth        | |  1.7
Spellcasting   | |  2.2

Action                   || total
-------------------------++-------
Melee: Unarmed           ||    13
 Cast: Summon Small Mamm ||     6
 Stab: Sleeping          ||     1
Armor: Robe              ||     1
Dodge: Dodged            ||     7

Table legend:
 A = Non-vault XP
 B = Vault XP
 C = Vault XP percentage of total XP
 D = Non-vault monster count
 E = Vault monster count
 F = Vault count percentage of total count
                 A         B        C        D         E       F
            +---------+---------+-------+---------+---------+-------
      Total |       6 |       2 |  25.0 |       4 |       2 |  33.3
            +---------+---------+-------+---------+---------+-------
        D:1 |       6 |       2 |  25.0 |       4 |       2 |  33.3
            +---------+---------+-------+---------+---------+-------
